[Event "*** Titled Tuesday Blitz"]
[Site "Chess.com"]
[Date "2021.02.16"]
[Round "6"]
[White "Twitch_ElhamBlitz05"]
[Black "hansen"]
[Result "1-0"]
[WhiteElo "2838"]
[BlackElo "2921"]
[TimeControl "180+1"]
[EndTime "11:08:08 PST"]
[Termination "Twitch_ElhamBlitz05 won on time"]

1. e4 c5 2. Nf3 e6 3. b4 d5 4.
exd5 exd5 5. bxc5 Bxc5 6. d4 Bd6 7. Bd3 Ne7 8. O-O O-O 9. c4 Nbc6 10. Nc3 dxc4 11.
Bxc4 Bg4 12. Bd3 Ng6 13. Be3 Nh4 14. Be2 Nf5 15. h3 Bh5 16. Qb1 Nxe3 17. fxe3 Rc8 18. Qxb7 Na5 19. Qb2 Re8 20. e4 Bf4 21. Rad1 Bg6 22.
e5 Rb8 23. Qa3 Nc6 24. Nb5 Qb6 25. Kh1 Red8 26. Nd6 Qb4 27. Qxb4 Rxb4 28. Bd3 Rb2 29. Bxg6 hxg6 30. Nxf7 Kxf7 31. Ng5+ Kg8 32. Rxf4 Nxe5 33. Ne6 Rd6 34. Rf8+ Kh7 35. Ng5+ Kh6 36. Ne4 1-0

[Event "*** Titled Tuesday Blitz"]
[Site "Chess.com"]
[Date "2021.02.16"]
[Round "6"]
[White "JosefineHeinemann"]
[Black "Funo09"]
[Result "1-0"]
[WhiteElo "2631"]
[BlackElo "2758"]
[TimeControl "180+1"]
[EndTime "11:08:08 PST"]
[Termination "JosefineHeinemann won on time"]

1. e4 b6 2. d4 Bb7 3. Bd3 e6 4. Qe2 d6 5. f4 c5 6. c3 cxd4 7. cxd4 Nf6 8. Nf3 Be7 9. O-O O-O 10. Nc3 Nc6 11. h3 Nb4 12. Bb1 Ba6 13. Nb5 Rc8 14. a3 Qd7 15. a4 Ne8 16. Bd2 Nc2 17. Ra2 d5 18. e5 g6 19. Rc1 Nb4 20. Rxc8 Qxc8 21.
Ra1 Nc7 22. Bxb4 Bxb4 23. Bd3 Bxb5 24. axb5 Qb7 25. g4 Rc8 26. f5 Ne8 27. f6 Rc7 28.
Qe3 Qc8 29. h4 Bf8 30. h5 Qd7 31. hxg6 fxg6 32. Ng5 Bh6 33. Kg2 Rc8 34. Rh1 Bxg5 35.
Qxg5 Qf7 36. Rh6 Nc7 37. Bxg6 hxg6 38. Qh4 1-0

[Event "*** Titled Tuesday Blitz"]
[Site "Chess.com"]
[Date "2021.02.16"]
[Round "6"]
[White "KubaGepard"]
[Black "Iskusnyh"]
[Result "0-1"]
[WhiteElo "2402"]
[BlackElo "2606"]
[TimeControl "180+1"]
[EndTime "11:08:09 PST"]
[Termination "Iskusnyh won by resignation"]

1. d4 d5 2. Nf3 Nf6 3. Bf4 c5 4.
e3 Nc6 5. Nbd2 cxd4 6. exd4 Bg4 7. Bb5 e6 8. c4 Be7 9. Qa4 O-O 10. Bxc6 bxc6 11.
Ne5 Qb6 12. Nxc6 Rfe8 13. O-O Qxb2 14. Rab1 Qc3 15. h3 Bf5 16. Rb3 Qc2 17. Nxe7+ Rxe7 18. Qa3 dxc4 19. Rc3 Qxc3 20. Qxc3 Nd5 21. Qg3 c3 22.
Nb3 Rc8 23. Bd6 Rb7 24. Bc5 c2 25. Qf3 a5 26. g4 Bg6 27. a4 h6 28. Rc1 Rcb8 29.
Na1 Rb1 30. Ba3 Rxc1+ 31. Bxc1 Rb1 32. Nxc2 Rxc1+ 33. Kg2 Rxc2 34. Qd1 Ne3+ 35. Kg3 Nxd1 0-1

[Event "*** Titled Tuesday Blitz"]
[Site "Chess.com"]
[Date "2021.02.16"]
[Round "6"]
[White "jens1102"]
[Black "Sir_Frankie_Crisp"]
[Result "0-1"]
[WhiteElo "2418"]
[BlackElo "2316"]
[TimeControl "180+1"]
[EndTime "11:08:09 PST"]
[Termination "Sir_Frankie_Crisp won by resignation"]

1. e4 c5 2. Nf3 d6 3. d4 cxd4 4.
Nxd4 Nf6 5. Nc3 Nc6 6. Be3 Ng4 7.
Bg5 Qb6 8. Nd5 Qxd4 9. Qxd4 Nxd4 10. Rd1 Ne6 11. h3 Ne5 12. f4 Nc6 13. Bb5 Kd8 14. O-O Nxg5 15. fxg5 Be6 16. Nf4 Bd7 17. Nd3 Ke8 18. a4 e6 19. c3 Be7 20. h4 h6 21. g6 fxg6 22. Nf4 Rf8 23. Nxg6 Rxf1+ 24.
Rxf1 Bf6 25. Rd1 Ne5 26. Nf4 Bxb5 27. Nxe6 Kd7 28. Nc5+ Kc6 29. Nb3 Bxa4 30. Nd4+ Kd7 31. b3 Bc6 32. Nf5 Bxe4 33. Nxd6 Bd3 34. Nc4 Nxc4 35. bxc4 Kc6 36. Rxd3 Bxh4 37. g3 Bf6 38. Re3 a5 39. Re6+ Kc5 40. Re2 a4 41. Kg2 a3 42. Ra2 Kxc4 0-1

[Event "*** Titled Tuesday Blitz"]
[Site "Chess.com"]
[Date "2021.02.16"]
[Round "6"]
[White "BvsN"]
[Black "KonstantinB_1983"]
[Result "0-1"]
[WhiteElo "2364"]
[BlackElo "2542"]
[TimeControl "180+1"]
[EndTime "11:08:10 PST"]
[Termination "KonstantinB_1983 won on time"]

1. c4 c6 2. Nf3 d5 3. e3 Nf6 4. Nc3 a6 5. Be2 Bg4 6. cxd5 cxd5 7. Qb3 Ra7 8. O-O e6 9. h3 Bh5 10. Qa4+ Nbd7 11. b3 Be7 12. Ba3 Ra8 13. Bxe7 Qxe7 14. Nd4 Bg6 15. Rac1 O-O 16. d3 Rfc8 17. Rfd1 h5 18.
b4 Rc7 19. Qb3 Rac8 20. Qb2 e5 21. Nf3 Qd6 22. a3 Nb6 23. Nb1 Nfd7 24. Rxc7 Qxc7 25. Nfd2 Qc2 26. Qxc2 Rxc2 27. Bf1 Na4 28. Nb3 Nb2 29.
Rd2 Rxd2 30. N1xd2 Nxd3 31. Na5 b6 32. Nc6 Kf8 33. Nf3 f6 34. Be2 Ke8 35. Nh4 Be4 36. Bxh5+ Kf8 37. f3 Bh7 38. Ng6+ Bxg6 39. Bxg6 Nb2 40.
Bf5 Ke8 41. Bg6+ Kf8 42. Bf5 d4 43. exd4 exd4 44. Bxd7 d3 45. Kf2 d2 0-1

[Event "*** Titled Tuesday Blitz"]
[Site "Chess.com"]
[Date "2021.02.16"]
[Round "6"]
[White "PawnEatingZombie"]
[Black "Ladislav1969"]
[Result "0-1"]
[WhiteElo "2147"]
[BlackElo "2315"]
[TimeControl "180+1"]
[EndTime "11:08:10 PST"]
[Termination "Ladislav1969 won on time"]

1. d4 Nf6 2. c4 g6 3. Nc3 d5 4. cxd5 Nxd5 5. e4 Nxc3 6. bxc3 c5 7. Nf3 Bg7 8. Be3 Bg4 9. Rc1 Qa5 10. Qd2 Bxf3 11. gxf3 O-O 12. h4 h5 13. Be2 e6 14. d5 exd5 15. exd5 Nd7 16. c4 Qd8 17. f4 Qf6 18. Bd3 Rfe8 19. Kf1 Bh6 20. Rb1 b6 21. a4 Re7 22. a5 Rae8 23. axb6 axb6 24. Rh3 Kh7 25. f5 Bxe3 26. Rxe3 Rxe3 27. fxe3 Qxh4 28. fxg6+ fxg6 29. Ke2 Ne5 30. Rxb6 Ng4 31. Bxg6+ Kg8 32. Bxe8 Qf2+ 33. Kd1 Nxe3+ 34. Kc1 Qf1+ 0-1

[Event "*** Titled Tuesday Blitz"]
[Site "Chess.com"]
[Date "2021.02.16"]
[Round "6"]
[White "GOGIEFF"]
[Black "LiemLe"]
[Result "0-1"]
[WhiteElo "2902"]
[BlackElo "3000"]
[TimeControl "180+1"]
[EndTime "11:08:11 PST"]
[Termination "LiemLe won by resignation"]

1. d4 Nf6 2. Nf3 d5 3. Bf4 c5 4. e3 Nc6 5. Nbd2 cxd4 6. exd4 Bf5 7. c3 e6 8. Qb3 Bd6 9. Qxb7 Bxf4 10. Qxc6+ Kf8 11. Qa4 Rb8 12. Be2 g5 13. g3 Bd6 14.
Nb3 Ne4 15. Ne5 Kg7 16. O-O Qc7 17. f3 Nf6 18. Rae1 Bh3 19. Rf2 Bxe5 20. dxe5 Qxe5 21.
f4 Qe3 22. Qd4 Qxd4 23. cxd4 Ne4 24. Rf3 Bg4 25. Re3 Bxe2 26. R1xe2 gxf4 27. gxf4 Kf6 28. Nc5 Nxc5 29. dxc5 Rb4 30. Ra3 Rg8+ 31. Kf2 Rxf4+ 32. Rf3 Rg4 33. Rc2 Ke7 34. b3 Kd7 35. Ke3 Re4+ 36.
Kd3 f5 37. Rh3 Rh4 38. Rg3 Kc6 39. a3 a5 40. Rc3 f4 41. Rf3 e5 42. Rc1 Rxh2 0-1

[Event "*** Titled Tuesday Blitz"]
[Site "Chess.com"]
[Date "2021.02.16"]
[Round "6"]
[White "Susal_De_Silva"]
[Black "profofchess"]
[Result "1-0"]
[WhiteElo "2624"]
[BlackElo "2439"]
[TimeControl "180+1"]
[EndTime "11:08:11 PST"]
[Termination "Susal_De_Silva won by resignation"]

1. e4 e6 2. d4 d5 3. Nc3 Bb4 4. e5 b6 5. a3 Bf8 6. Nge2 Ba6 7. b4 Bc4 8. Be3 Ne7 9. Ng3 Bxf1 10. Rxf1 c5 11. bxc5 bxc5 12. dxc5 Nec6 13. Qd2 Qa5 14. f4 Bxc5 15. Nge2 O-O 16. Rf3 Bxe3 17. Rxe3 Nd7 18. Kf1 Rab8 19. Rd1 Rb2 20. Rg3 Nc5 21. f5 exf5 22.
Qh6 Ne6 23. Nxd5 Kh8 24. Qc1 Rfb8 25. Ndf4 Nxf4 26. Qxf4 Rb1 27. Rd3 Rxd1+ 28. Rxd1 Qc5 29. Qxf5 Qf8 30. Rd6 Re8 31. Rxc6 Qxa3 32. g3 Qa1+ 33. Kg2 h6 34. Nf4 Rxe5 35. Rc8+ 1-0

[Event "*** Titled Tuesday Blitz"]
[Site "Chess.com"]
[Date "2021.02.16"]
[Round "6"]
[White "Nuvas"]
[Black "pavelalexandru07"]
[Result "1-0"]
[WhiteElo "2474"]
[BlackElo "2319"]
[TimeControl "180+1"]
[EndTime "11:08:12 PST"]
[Termination "Nuvas won by resignation"]

1. d4 Nf6 2. c4 c5 3. d5 e6 4. Nc3 exd5 5. cxd5 d6 6. e4 g6 7. f4 Bg7 8. Bb5+ Nfd7 9. Bd3 Qh4+ 10. g3 Qd8 11. Nf3 O-O 12. O-O Re8 13. Kg2 Nf6 14.
h3 c4 15. Bc2 b5 16. a3 a6 17.
Be3 Nbd7 18. Bd4 Nh5 19. Bxg7 Nxg7 20. Qd4 Nc5 21. e5 Bf5 22. Ne4 Bxe4 23. Bxe4 Nb3 24. Qc3 Nxa1 25. Rxa1 Rc8 26. Nd4 dxe5 27. fxe5 Qg5 28.
Nf3 Qd8 29. Nd4 Qg5 30. Nf3 Qe7 31. Rd1 Qd7 32. d6 Ne6 33. Bd5 Nc5 34. Rf1 Kg7 35. Ng5 1-0

[Event "*** Titled Tuesday Blitz"]
[Site "Chess.com"]
[Date "2021.02.16"]
[Round "6"]
[White "rasmussvane"]
[Black "Infernal_XaM"]
[Result "1-0"]
[WhiteElo "2926"]
[BlackElo "2815"]
[TimeControl "180+1"]
[EndTime "11:08:13 PST"]
[Termination "rasmussvane won by resignation"]

1. Nf3 Nf6 2. g3 g6 3. Bg2 Bg7 4. O-O O-O 5. d4 d5 6. c4 dxc4 7. Na3 c3 8. bxc3 c5 9. Bb2 Nc6 10. Re1 Bf5 11. d5 Na5 12. c4 Be4 13. Bh3 b5 14. Nd2 b4 15. Nc2 Bf5 16. Bg2 Bxc2 17.
Qxc2 Nd7 18. e4 Bxb2 19. Qxb2 e5 20. dxe6 fxe6 21. e5 Rb8 22. Rad1 Qe7 23. Qc2 Nb6 24. Bf1 Qg7 25. Nb3 Nxb3 26. axb3 Rbd8 27. Qe4 Qe7 28. Bh3 Kg7 29. Qc6 Rxd1 30. Rxd1 Rd8 31. Rxd8 Qxd8 32.
Bxe6 Qd1+ 33. Kg2 Qxb3 34. Qc7+ Kh6 35. Bg8 Kg5 36. Qf7 Qxc4 37. Qf6+ Kh6 38. Bxc4 1-0

[Event "*** Titled Tuesday Blitz"]
[Site "Chess.com"]
[Date "2021.02.16"]
[Round "6"]
[White "Mr_Sinigami"]
[Black "ChainsOfFantasia"]
[Result "1-0"]
[WhiteElo "2665"]
[BlackElo "2476"]
[TimeControl "180+1"]
[EndTime "11:08:13 PST"]
[Termination "Mr_Sinigami won by checkmate"]

1. d4 Nf6 2. Nf3 d5 3. Bf4 c5 4.
e3 Nc6 5. c3 Qb6 6. Qc1 Bf5 7.
Nbd2 e6 8. a3 h6 9. h3 Qd8 10.
Be2 Bd6 11. Bxd6 Qxd6 12. dxc5 Qxc5 13. b4 Qe7 14. c4 O-O 15. O-O dxc4 16. Nxc4 Rac8 17.
Qb2 Rfd8 18. b5 Nb8 19. Rfd1 Nbd7 20. Nd6 Rb8 21. Nxf5 exf5 22. g3 Ne4 23. Bc4 Nb6 24. Bb3 Rbc8 25. Ne5 Rxd1+ 26. Rxd1 Rc5 27. Nxf7 Kh7 28. a4 Nxg3 29. Kh2 Ne4 30. Rg1 Nf6 31.
Qd4 Nbd5 32. Ne5 Nxe3 33. Ng6 Qc7+ 34. f4 Ned5 35. Nf8+ Kg8 36. Ne6 Rc2+ 37. Bxc2 Qxc2+ 38. Rg2 Qc1 39. Rxg7+ Kh8 40. Qg1 Qd2+ 41. Rg2 Qe3 42. Rg8+ Nxg8 43. Qg7# 1-0

[Event "*** Titled Tuesday Blitz"]
[Site "Chess.com"]
[Date "2021.02.16"]
[Round "6"]
[White "NemtsevIgor"]
[Black "Titus369"]
[Result "0-1"]
[WhiteElo "2363"]
[BlackElo "2560"]
[TimeControl "180+1"]
[EndTime "11:08:14 PST"]
[Termination "Titus369 won on time"]

1. d4 d5 2. Bf4 Nf6 3. e3 e6 4.
Nd2 Bd6 5. Bg3 O-O 6. Bd3 Nbd7 7. Ngf3 b6 8. Ne5 Bb7 9. Qf3 Qe7 10. c3 c5 11. O-O Rac8 12. Nxd7 Nxd7 13. Bxd6 Qxd6 14. Qh5 g6 15. Qh6 e5 16. Bf5 exd4 17. exd4 cxd4 18. cxd4 Rce8 19. Bxd7 Qxd7 20. Nf3 f6 21. h4 Re4 22. Rac1 Rg4 23. Rfe1 Ba6 24. Qe3 Re4 25. Qa3 Be2 26. Nd2 Ree8 27. Qg3 Rf7 28.
Rc3 Ba6 29. Rec1 Rfe7 30. Nf3 Be2 31. Rc7 Qe6 32. h5 Kg7 33. h6+ Kxh6 34. Qh4+ Kg7 35. Re1 Rxc7 36. Qf4 Rce7 37. g4 Qe4 0-1

[Event "*** Titled Tuesday Blitz"]
[Site "Chess.com"]
[Date "2021.02.16"]
[Round "6"]
[White "kidagent"]
[Black "AldokhinIvan"]
[Result "0-1"]
[WhiteElo "2301"]
[BlackElo "2446"]
[TimeControl "180+1"]
[EndTime "11:08:14 PST"]
[Termination "AldokhinIvan won by resignation"]

1. e4 c6 2. d4 d5 3. Nd2 dxe4 4. Nxe4 Nf6 5. Nxf6+ gxf6 6. c3 Nd7 7. Qc2 Nb6 8. Bd3 h5 9. Ne2 h4 10. Bf4 Qd5 11. Be4 Qb5 12. a4 Qh5 13. O-O-O Be6 14. b3 O-O-O 15. Kb2 Bd5 16. a5 Bxe4 17. Qxe4 Qxa5 18. Ra1 Qd5 19. Qxd5 Nxd5 20. Rxa7 Nxf4 21. Nxf4 Bh6 22. Nd3 e5 23. dxe5 Kc7 24. Rd1 fxe5 25. f3 f5 26. Kc2 e4 27. fxe4 fxe4 28. Nb2 Rxd1 29. Kxd1 Rd8+ 30. Ke1 Rd2 31. Nc4 Rxg2 32. Ra8 Rxh2 33. Rh8 Bf4 34. Rh7+ Kc8 35. Rh8+ Kd7 36. Rh7+ Ke6 37. Rxb7 h3 38. Rh7 Bg3+ 39. Kf1 Rf2+ 40. Kg1 h2+ 41. Kh1 Rf1+ 42. Kg2 Rg1+ 0-1

[Event "*** Titled Tuesday Blitz"]
[Site "Chess.com"]
[Date "2021.02.16"]
[Round "6"]
[White "noblerone"]
[Black "rozabaku"]
[Result "0-1"]
[WhiteElo "2384"]
[BlackElo "2225"]
[TimeControl "180+1"]
[EndTime "11:08:17 PST"]
[Termination "rozabaku won on time"]

1. d4 Nf6 2. Nf3 g6 3. Bg5 Bg7 4. Nbd2 d6 5. c3 c5 6. dxc5 dxc5 7. Bxf6 Bxf6 8. Ne4 Qb6 9. Nxf6+ Qxf6 10. e3 O-O 11. Be2 Nc6 12. O-O Be6 13. Qa4 Rfd8 14. Rfd1 Bd5 15.
Qb5 b6 16. h3 Ne5 17. Nxe5 Qxe5 18. a4 Qc7 19. Bf1 Bc6 20. Qc4 Kg7 21. b4 Rxd1 22. Rxd1 Bxa4 23. Ra1 Bd7 24. bxc5 Qxc5 25. Qe4 Bc6 26. Qd4+ Qxd4 27. exd4 a5 28. c4 e6 29. Be2 Rd8 30. Rd1 Ba4 31. Rd2 Bb3 32. f3 a4 33. c5 bxc5 34. Kf2 Rxd4 35. Rb2 Rb4 36. Ke3 a3 37. Rb1 a2 38. Ra1 Bd5 39. Bd1 Rb1 0-1

[Event "*** Titled Tuesday Blitz"]
[Site "Chess.com"]
[Date "2021.02.16"]
[Round "6"]
[White "markowskitomasz"]
[Black "AlexOstrovskiy"]
[Result "1/2-1/2"]
[WhiteElo "2603"]
[BlackElo "2751"]
[TimeControl "180+1"]
[EndTime "11:08:18 PST"]
[Termination "Game drawn by repetition"]

1. d4 Nf6 2. Nf3 c5 3. d5 g6 4. Nc3 Bg7 5. e4 d6 6. Be2 O-O 7. h3 Na6 8. O-O Nc7 9. Re1 Rb8 10.
a4 Nd7 11. Bf4 a6 12. a5 b5 13. axb6 Rxb6 14. Ra2 Nb5 15. Nxb5 axb5 16. c3 b4 17. Qc1 Re8 18. c4 e5 19. dxe6 Rxe6 20. Bd3 Bb7 21.
b3 Nb8 22. Rae2 Nc6 23. h4 Nd4 24. Nxd4 Bxd4 25. g3 Ra6 26. Bg5 Qe8 27. Qf4 Ra3 28. Bc2 Ra2 29. Bd3 Ra3 30. Bc2 f6 31. Bh6 Qe7 32.
Qg4 Ra2 33. Bd3 Ra3 34. Bc2 Kf7 35. Be3 Bc3 36. Rd1 Bxe4 37. Bxe4 Rxe4 38. Qc8 Rxb3 39. Qh8 Ke6 40. Qc8+ Kf7 41. Qh8 Ke6 42. Qc8+ Kf7 1/2-1/2

[Event "*** Titled Tuesday Blitz"]
[Site "Chess.com"]
[Date "2021.02.16"]
[Round "6"]
[White "Kotofeyca"]
[Black "andrewtnb"]
[Result "0-1"]
[WhiteElo "2432"]
[BlackElo "2318"]
[TimeControl "180+1"]
[EndTime "11:08:18 PST"]
[Termination "andrewtnb won on time"]

1. d4 Nf6 2. c4 e6 3. Nf3 d5 4. Nc3 dxc4 5. e4 Bb4 6. e5 Nd5 7. Bd2 Bxc3 8. bxc3 b5 9. Ng5 h6 10. Qh5 Rf8 11. Ne4 Nd7 12. Qg4 Ne7 13. Qxg7 Nf5 14.
Qh7 Bb7 15. Ng3 Qh4 16. Nxf5 Qe4+ 17. Be2 exf5 18. f3 Qh4+ 19. g3 Qh5 20. Qxh6 Bxf3 21. e6 fxe6 22. Qxe6+ Kd8 23. Bxf3 Qxf3 24. Rf1 Qd3 25.
Qd5 Re8+ 26. Kf2 Qxd2+ 27. Kg1 Rb8 28. Rf2 Qe3 29. Qxf5 Qe4 30. Qg5+ Kc8 31. Raf1 Rb6 0-1

[Event "*** Titled Tuesday Blitz"]
[Site "Chess.com"]
[Date "2021.02.16"]
[Round "6"]
[White "AlexTriapishko"]
[Black "PaulfromSPb"]
[Result "1-0"]
[WhiteElo "2838"]
[BlackElo "2613"]
[TimeControl "180+1"]
[EndTime "11:08:19 PST"]
[Termination "AlexTriapishko won by resignation"]

1. d4 Nf6 2. Bg5 e6 3. e4 h6 4. Bxf6 Qxf6 5. c3 d6 6. Bc4 Nd7 7. Ne2 g5 8. O-O e5 9. Ng3 Nb6 10. Be2 h5 11. Nxh5 Qh6 12. h3 Be6 13. d5 Bd7 14.
Bg4 O-O-O 15. a4 Kb8 16. a5 Nc8 17. a6 b6 18. Bxd7 Rxd7 19. Qa4 c6 20. dxc6 Rc7 21. g4 Qe6 22. Qa2 Qg6 23. Na3 Rxc6 24. Qd5 Ne7 25.
Qd3 Rxh5 26. gxh5 Qxh5 27. Qg3 Ng6 28. Qg4 Qxg4+ 29. hxg4 Rc5 30. b4 Rxc3 31. Rfc1 Rb3 32. Rc4 Nf4 33. Nb5 d5 34. Rc7 Rxb4 35. Rb7+ Kc8 36.
Nxa7+ Kd8 37. Nc6+ 1-0

[Event "*** Titled Tuesday Blitz"]
[Site "Chess.com"]
[Date "2021.02.16"]
[Round "6"]
[White "Leo_C"]
[Black "CraiggoryC"]
[Result "1-0"]
[WhiteElo "2425"]
[BlackElo "2223"]
[TimeControl "180+1"]
[EndTime "11:08:19 PST"]
[Termination "Leo_C won on time"]

1. d4 Nf6 2. c4 g6 3. f3 Bg7 4.
e4 O-O 5. Nc3 c5 6. dxc5 Na6 7.
Be3 Qa5 8. a3 Ne8 9. Ne2 Qc7 10.
Nd5 Qd8 11. Qd2 d6 12. cxd6 Nxd6 13. Nec3 e6 14. Nb4 Qc7 15. Nxa6 bxa6 16. c5 Nb5 17. Bxb5 axb5 18. Nxb5 Qb8 19. Nd6 Qxb2 20. Qxb2 Bxb2 21. Ra2 Bc3+ 22. Kf2 Ba6 23. Rc1 Be5 24. f4 Bxd6 25. cxd6 Rfc8 26. Rac2 Rxc2+ 27. Rxc2 Rc8 28. Rxc8+ Bxc8 29. Bxa7 Kf8 30. e5 Ke8 31. Kg3 Kd7 32. Kh4 h6 33. a4 Ba6 34. a5 Bf1 35. Kg3 Ba6 36. Be3 Bb7 37. Kf2 Ba6 38. g4 Bb7 39. f5 exf5 40.
gxf5 h5 41. e6+ fxe6 42. fxg6 1-0

[Event "*** Titled Tuesday Blitz"]
[Site "Chess.com"]
[Date "2021.02.16"]
[Round "6"]
[White "Fiona"]
[Black "jaramsdal"]
[Result "0-1"]
[WhiteElo "2122"]
[BlackElo "2305"]
[TimeControl "180+1"]
[EndTime "11:08:19 PST"]
[Termination "jaramsdal won by resignation"]

1. e4 c5 2. Nc3 a6 3. f4 b5 4. Nf3 Bb7 5. d3 b4 6. Ne2 e6 7.
g3 d5 8. e5 d4 9. Bg2 h5 10. O-O Nh6 11. h3 Be7 12. a3 a5 13.
axb4 axb4 14. Rxa8 Bxa8 15. c3 bxc3 16. bxc3 dxc3 17. Qa4+ Nd7 18. Nxc3 O-O 19. Ne4 Nb6 20. Qc2 Nf5 21. Kh2 Nd5 22. Qe2 Nb4 23. Ne1 g6 24. Bd2 Nd4 25. Qe3 Nd5 26. Qf2 Qb6 27. Nf3 Nf5 28.
g4 hxg4 29. hxg4 Nh6 30. Bh3 Qb2 31. Kg3 Nb4 32. Ne1 Qb3 33. Qe3 Rd8 34. Rf3 Nd5 35.
Qe2 Qa4 36. f5 exf5 37. Bxh6 fxe4 38. dxe4 Nc7 39. Qf2 Qc4 40. Nc2 Bxe4 41. Rf4 Qxc2 42. Qxc2 Bxc2 0-1

[Event "*** Titled Tuesday Blitz"]
[Site "Chess.com"]
[Date "2021.02.16"]
[Round "6"]
[White "MITerryble"]
[Black "Fusikk"]
[Result "1-0"]
[WhiteElo "2927"]
[BlackElo "2705"]
[TimeControl "180+1"]
[EndTime "11:08:20 PST"]
[Termination "MITerryble won on time"]

1. e4 c5 2. Nf3 Nc6 3. Bb5 a6 4.
Bxc6 dxc6 5. d3 Qc7 6. h3 e5 7. Be3 Bd6 8. Nbd2 Ne7 9. Nc4 Ng6 10. a4 a5 11. Qd2 Be6 12. Qc3 b6 13. h4 h5 14. Ng5 Bxc4 15. Qxc4 Nf8 16. Rh3 f6 17. Ne6 Qf7 18. Nxf8 Qxc4 19. dxc4 Kxf8 20. Bd2 Rd8 21. Ke2 Kf7 22. Rg1 Be7 23. Be3 Bf8 24. Rf3 Rd7 25. Ra1 g6 26. Ra3 Bg7 27. Rb3 Rb8 28. Bxc5 Rdb7 29. Bd6 Rd8 30. c5 Ke6 31. Rfd3 b5 32.
axb5 Rxb5 33. Rxb5 cxb5 34. Rb3 b4 35. c3 bxc3 36.
Rxc3 f5 37. f3 fxe4 38. fxe4 Bf6 39. Ra3 Ra8 40. b4 a4 41. b5 Bd8 42. Kd3 Kd7 43. Kc4 Ra7 44. Kd5 Ra5 45. c6+ Kc8 46. Kc4 1-0

[Event "*** Titled Tuesday Blitz"]
[Site "Chess.com"]
[Date "2021.02.16"]
[Round "6"]
[White "CSB7"]
[Black "MasterMK73"]
[Result "1-0"]
[WhiteElo "2541"]
[BlackElo "2274"]
[TimeControl "180+1"]
[EndTime "11:08:20 PST"]
[Termination "CSB7 won on time"]

1. d4 d5 2. Nf3 e6 3. Bf4 Bd6 4. e3 Nf6 5. Nbd2 c5 6. dxc5 Bxc5 7. c4 O-O 8. a3 a5 9. Rc1 Bd6 10. Bg5 Nbd7 11. cxd5 exd5 12. Bd3 h6 13. Bh4 Nc5 14. Bb1 Bg4 15. O-O Qe7 16. Qc2 g6 17. Qc3 Ncd7 18.
h3 Be6 19. e4 Rac8 20. Qxa5 g5 21. Bg3 Bxg3 22. fxg3 Nc5 23. e5 Nfe4 24. Qb4 Nxg3 25. Rfe1 b6 26. Nd4 Qd7 27. Qxb6 Bxh3 28. Qxh6 Bf5 29. Qxg5+ Bg6 30. Qxg3 Ne4 31. Bxe4 dxe4 32. Qe3 Rcd8 33. N2b3 1-0

[Event "*** Titled Tuesday Blitz"]
[Site "Chess.com"]
[Date "2021.02.16"]
[Round "6"]
[White "ObligatePawnivore"]
[Black "HanSchut"]
[Result "1-0"]
[WhiteElo "1803"]
[BlackElo "2236"]
[TimeControl "180+1"]
[EndTime "11:08:20 PST"]
[Termination "ObligatePawnivore won by resignation"]

1. c4 Nf6 2. Nc3 d5 3. cxd5 Nxd5 4. Nf3 c5 5. e4 Nb4 6. Bc4 Nd3+ 7. Ke2 Nf4+ 8. Kf1 Ne6 9. b4 cxb4 10. Ne2 g6 11. Bb2 Bg7 12. Bxg7 Nxg7 13. d4 O-O 14. h3 e6 15. g3 b6 16. Ne5 Bb7 17. f3 Nc6 18. Nxc6 Bxc6 19. Rc1 Qd7 20. Qd2 a5 21. Qh6 f5 22.
Bxe6+ Nxe6 23. d5 fxe4 24. dxc6 Rxf3+ 25. Kg2 Qf7 26. Rhf1 Rf8 27. Nf4 Nxf4+ 28. gxf4 Qxa2+ 29. Kh1 Qe2 30. Rg1 Rf7 31. c7 Rxh3+ 32. Qxh3 Rxc7 33. Rxc7 1-0

[Event "*** Titled Tuesday Blitz"]
[Site "Chess.com"]
[Date "2021.02.16"]
[Round "6"]
[White "amintabatabaei"]
[Black "Firouzja2003"]
[Result "0-1"]
[WhiteElo "2920"]
[BlackElo "3093"]
[TimeControl "180+1"]
[EndTime "11:08:22 PST"]
[Termination "Firouzja2003 won by resignation"]

1. d4 Nf6 2. Nf3 g6 3. Bf4 Bg7 4. e3 O-O 5. Be2 d6 6. O-O Nc6 7. Nc3 Re8 8. h3 Bf5 9. Re1 e5 10.
Bg3 exd4 11. Nxd4 Nxd4 12. exd4 Rb8 13. Qd2 Qd7 14. Bd3 a6 15. a4 h6 16. Bf4 Kh7 17. Ne2 Nd5 18. Bg3 Bxd3 19. Qxd3 Re6 20. Nc3 Nb4 21.
Qd2 Rbe8 22. Rxe6 Qxe6 23. Nb5 Nd5 24. Nc3 Nxc3 25. Qxc3 c5 26. Qf3 Bxd4 27. Qxb7 d5 28.
Rd1 Re7 29. Qb3 Rd7 30. c3 Bg7 31. a5 Qc6 32. Qb6 Qa4 33. b3 Qa2 34. Qxa6 Qxb3 35. Rf1 Qxc3 36. Qc6 Ra7 37. a6 Qc4 38. Qb7 Rxa6 39.
Qxd5 Qxd5 0-1

[Event "*** Titled Tuesday Blitz"]
[Site "Chess.com"]
[Date "2021.02.16"]
[Round "6"]
[White "awesomevishesh"]
[Black "MrTattaglia"]
[Result "0-1"]
[WhiteElo "2515"]
[BlackElo "2755"]
[TimeControl "180+1"]
[EndTime "11:08:22 PST"]
[Termination "MrTattaglia won on time"]

1. e4 d5 2. exd5 Qxd5 3. Nf3 Nf6 4. d4 Qd8 5. Be2 g6 6. O-O Bg7 7. c4 O-O 8. Nc3 c6 9. h3 Bf5 10. Be3 Nbd7 11. Re1 Ne4 12. Nxe4 Bxe4 13. Ng5 Nf6 14. Nxe4 Nxe4 15. Bf3 Nd6 16. Qc2 Nf5 17. d5 Rc8 18. dxc6 bxc6 19. Rad1 Qc7 20. Bc5 Rfd8 21. b4 Nd4 22.
Bxd4 Bxd4 23. c5 e5 24. Be2 Rb8 25. a3 Kg7 26. Bc4 Rd7 27. g3 Rbd8 28. Kg2 h5 29. h4 f5 30. Be6 Re7 31. Bb3 e4 32. Qc4 Qe5 33. f4 exf3+ 34. Kxf3 Qxe1 35. Rxe1 Rxe1 36. Qf7+ Kh6 37. Be6 Bg1 38. Qf6 Rd3+ 39. Kg2 Rd2+ 0-1

[Event "*** Titled Tuesday Blitz"]
[Site "Chess.com"]
[Date "2021.02.16"]
[Round "6"]
[White "chescomhuynya"]
[Black "Lady_Nika"]
[Result "1-0"]
[WhiteElo "2592"]
[BlackElo "2391"]
[TimeControl "180+1"]
[EndTime "11:08:23 PST"]
[Termination "chescomhuynya won by checkmate"]

1. d4 d5 2. c4 e6 3. g3 f5 4. Bg2 Nf6 5. Nh3 c6 6. O-O Bd6 7. Bf4 O-O 8. Nd2 Ne4 9. Nxe4 fxe4 10. Bxd6 Qxd6 11. f3 exf3 12. Rxf3 Rxf3 13. Bxf3 e5 14. dxe5 Qxe5 15. Nf4 d4 16. Qd3 Bf5 17. Qb3 Qe7 18.
Rd1 Qd7 19. e3 g5 20. Nh5 Qf7 21. exd4 g4 22. Bg2 Na6 23. Nf4 Re8 24. d5 Nc5 25.
Qa3 Ne4 26. Qxa7 Qg7 27. dxc6 Qxb2 28. cxb7 Nc3 29. Rf1 Ne4 30. Nd5 Nd2 31. Nf6+ Qxf6 32. b8=Q Rxb8 33. Qxb8+ Kg7 34. Qa7+ Kg6 35. Rd1 Nxc4 36.
Qc5 Ne5 37. Qd6 Be6 38. Rf1 Nf3+ 39. Bxf3 gxf3 40. Qf4 Qxf4 41. gxf4 Bxa2 42. Rxf3 Kf5 43.
Kf2 Bd5 44. Rh3 Kxf4 45. Rxh7 Kg5 46. Ra7 Be6 47. Kg3 Bc8 48. Ra5+ Kg6 49. Kh4 Kh6 50. Rc5 Bf5 51. Rxf5 Kg7 52. Rb5 Kh7 53. Rb6 Kg8 54.
Kg5 Kg7 55. Rb7+ Kf8 56. Kf6 Ke8 57. h4 Kd8 58. h5 Kc8 59. Rg7 Kd8 60. h6 Kc8 61. h7 Kd8 62. h8=Q# 1-0

[Event "*** Titled Tuesday Blitz"]
[Site "Chess.com"]
[Date "2021.02.16"]
[Round "6"]
[White "bazar-wokzal"]
[Black "volunteers1998"]
[Result "1/2-1/2"]
[WhiteElo "2552"]
[BlackElo "2114"]
[TimeControl "180+1"]
[EndTime "11:08:23 PST"]
[Termination "Game drawn by repetition"]

1. e4 c5 2. c3 Nc6 3. d4 cxd4 4. cxd4 d5 5. exd5 Qxd5 6. Nf3 e6 7. a3 Nf6 8. Nc3 Qd8 9. Be3 Be7 10. Bd3 O-O 11. Qc2 h6 12. O-O Nd5 13. Qd2 Nxe3 14. fxe3 Bd7 15. Rf2 a6 16. Raf1 b5 17. Bb1 Rc8 18.
Qd3 g6 19. Ne4 Qb6 20. Ba2 a5 21. h4 b4 22. h5 g5 23. Nf6+ Bxf6 24. Bb1 Rfd8 25.
Qh7+ Kf8 26. Nxg5 hxg5 27. Rxf6 Ke7 28. Qxf7+ Kd6 29. d5 Qxe3+ 30. Kh1 Rf8 31. dxe6 Rxf7 32. exf7+ Kc7 33. f8=Q Rxf8 34. Rxf8 Qg3 35. Kg1 Qe3+ 36.
Kh1 Qd4 37. R8f7 Qh4+ 38. Kg1 Qd4+ 39. Kh1 Qh4+ 40. Kg1 Qd4+ 41. Kh1 1/2-1/2